 Dungeon Crawl Stone Soup version 0.31.0-9-g3a7656b989 (webtiles) character file.

Game seed: 17050958711258426317

5309 qw the Skirmisher (level 10, 0/83 HPs)
             Began as a Demigod Hunter on Feb 2, 2024.
             Slain by a rust devil (3 damage)
             ... on level 8 of the Dungeon.
             The game lasted 00:00:42 (5938 turns).

qw the Skirmisher (Demigod Hunter)                  Turns: 5938, Time: 00:00:43

Health: 0/83       AC:  4    Str: 12    XL:     10   Next: 15%
Magic:  13/13      EV: 18    Int: 11    God:
Gold:   233        SH:  0    Dex: 29    Spells: 9/9 levels left

rFire   . . .        f - +1 hand cannon (freeze)
rCold   . . .        (no shield)
rNeg    . . .        i - +2 leather armour of Lust {SInv}
rPois   .            k - +1 helmet
rElec   .            (no cloak)
rCorr   +            (no gloves)
SInv    +            b - +0 pair of boots
Will    +....        (no amulet)
Stlth   ++           h - +4 ring of slaying {mikee}
HPRegen 0.33/turn    Y - ring of resist corrosion
MPRegen 0.13/turn

%: no passive effects
@: lethally poisoned (0 -> -28), corroded
A: high MP 1, forlorn, divine attributes
a: no special abilities


You were on level 8 of the Dungeon.
You visited 1 branch of the dungeon, and saw 9 of its levels.

You collected 525 gold pieces.
You spent 292 gold pieces at shops.


Innate Abilities, Weirdness & Mutations

You have an increased reservoir of magic. (+10% MP)
You shall have no god before yourself.
Your divine heritage dramatically boosts your attributes as you level up.


   Skills:
 - Level 6.0 Fighting
 + Level 11.2 Ranged Weapons
 - Level 3.0 Armour
 - Level 7.0 Dodging
 - Level 0.8 Stealth


You had 9 spell levels left.
You didn't know any spells.
Your spell library was empty.

Inventory:

Hand Weapons
 f - a +1 hand cannon of freezing (weapon)
Armour
 b - a +0 pair of boots (worn)
 i - the +2 leather armour of Lust (worn) {SInv}
   (You bought it in a shop on level 8 of the Dungeon)

   SInv:      It lets you see invisible.
 k - a +1 helmet (worn)
Jewellery
 a - a ring of see invisible
 h - a +4 ring of slaying (left hand) {mikee}
 Y - a ring of resist corrosion (right hand)
Wands
 c - a wand of polymorph (17)
 m - a wand of quicksilver (2) (quivered)
 o - a wand of roots (9)
Scrolls
 g - 3 scrolls of teleportation
 l - a scroll of identify
Potions
 d - 2 potions of mutation
 e - a potion of enlightenment
 j - a potion of resistance
 p - a potion of heal wounds {unknown}
 q - 3 potions of curing
 s - 2 potions of brilliance {unknown}

Dungeon Overview and Level Annotations

Branches:
Dungeon (9/15)             Temple (0/1) D:5            Lair (0/5) D:9
    Orc: D:9-12

Shops:
D:6 =   D:8 [

Annotations:
D:4 3 runed translucent doors, qw's ghost, amateur DjHu
D:9 1 runed translucent door, qw's ghost, novice GrHu


Message History

Enter note:
Enter note:
Enter note:
Enter note:
Enter note:
Enter note:
Enter note:
Enter note:
Enter note:
Enter note:
5933 ||| RETREEEEATING.
Found a chain mail.
5934 ||| RETREEEEATING.
You shoot a bolt. The bolt hits the rust devil!
The bolt freezes the rust devil.
The rust devil is moderately wounded.
The rust devil barely misses you. The rust devil hits you.
5935 ||| RETREEEEATING.
You shoot a bolt. The bolt hits the rust devil!!
The bolt freezes the rust devil.
The rust devil is severely wounded.
The rust devil misses you. The rust devil closely misses you.
The orc warrior closely misses you. The rust devil completely misses you.
5936 ||| RETREEEEATING.
The orc warrior unwields a +0 orcbow.
The orc warrior wields the +5 halberd of Dudikoh {venom, ^Fragile rElec rPois Dex+4}.
It begins to drip with poison!
The orc warrior barely misses you. The rust devil hits you.
The rust devil corrodes you!
5937 ||| RETREEEEATING.
The orc warrior hits you from afar with the +5 halberd of Dudikoh {venom, ^Fragile rElec rPois Dex+4}!
You are poisoned.
The rust devil hits you.
You see here a +0 scimitar.
5938 ||| ZAPPING wand of quicksilver (3) at -1,1 (rust devil; floor).
Aiming: Quicksilver Bolt
Press: ? - help, Q - select action, (/) - cycle Shift-Dir - straight line, f - rust devil, p - rust devil The bolt of dispelling energy hits the rust devil!
The rust devil is moderately wounded.
You feel very sick.
The orc warrior hits you from afar with the +5 halberd of Dudikoh {venom, ^Fragile rElec rPois Dex+4}!!
You are more poisoned.
The rust devil hits you.
You die...

.....#.>.##...#.....#..#......###
#....######...#.....#..#.......#
#....#...#....#.....#..#.......#
#....'...#....#.....#..##.######
#....##..##.........#####.##
..#######...###.....#......#
..'.......###>###...#......#
..#......###...###..#......#
..#......#)...o4@#.....##.##
..##.##.###...o4###...###.####
#######.#['..8..' #.####.....#
........###.....###.# #.....##
.........#).....)#..# ##.....# #
########.###...###..# ####### #
#.####....###\###...# #
............###.....# #
...................########## #


You could see 2 rust devils and 2 orc warriors.

Vanquished Creatures
  Pikel (D:6)
  Jeremiah (D:6)
  A troll (D:9)
  Grinder (D:5)
  Eustachio (D:6)
  Menkaure (D:6)
  Edmund (D:5)
  Duvessa (D:4)
  2 ice beasts (D:6)
  2 orc warriors (D:9)
  2 ogres
  2 lemures (D:6)
  3 phantoms
  Blork the orc (D:5)
  2 kobold brigands
  A bullfrog (D:8)
  2 scorpions
  17 wights
  Dowan (D:4)
  11 killer bees (D:8)
  2 bullfrog zombies (D:4)
  A gnoll bouda (D:6)
  A centaur zombie (D:4)
  5 orc priests
  2 bombardier beetles
  3 hounds
  A centaur skeleton (D:4)
  A scorpion zombie (D:4)
  Ijyb (D:4)
  An iguana (D:4)
  6 orc wizards
  Natasha (thrice) (D:2)
  A hound zombie (D:4)
  2 hound skeletons (D:4)
  A howler monkey zombie (D:4)
  11 gnolls
  9 adders
  2 shadow imps
  2 white imps (D:6)
  4 ufetubi (D:7)
  2 adder zombies (D:4)
  4 adder skeletons (D:4)
  2 ribbon worms
  3 dart slugs
  11 orcs
  5 ball pythons
  8 endoplasms
  2 giant cockroaches (D:2)
  5 goblins
  3 hobgoblins (D:1)
  5 jackals
  20 kobolds
  A quokka (D:1)
  6 bats
  6 frilled lizards
  2 quokka zombies (D:4)
  6 rats
  A butterfly (D:5)
205 creatures vanquished.

Notes
Turn   | Place    | Note
-------+----------+-------------------------------------------
     0 | D:1      | qw the Demigod Hunter began the quest for the Orb.
     0 | D:1      | Reached XP level 1. HP: 17/17 MP: 3/3
     0 | D:1      | 0 ||| qw: Version: 0.3-a-155-g5e7d8dd
     0 | D:1      | 0 ||| qw: Game counter: 23
     0 | D:1      | 0 ||| qw: Melee chars always use a shield: true
     0 | D:1      | 0 ||| qw: God list: Okawaru
     0 | D:1      | 0 ||| qw: Allow faded altars: false
     0 | D:1      | 0 ||| qw: Do Orc after clearing Dungeon:15 true
     0 | D:1      | 0 ||| qw: Do second Lair branch before Depths: true
     0 | D:1      | 0 ||| qw: Lair rune preference: random
     0 | D:1      | 0 ||| qw: Goals: Normal
     0 | D:1      | 0 ||| PLANNING D:1-11
    21 | D:1      | 21 ||| RETREEEEATING.
    22 | D:1      | 22 ||| RETREEEEATING.
    27 | D:1      | 27 ||| RETREEEEATING.
    30 | D:1      | Reached skill level 4 in Ranged Weapons
    36 | D:1      | Reached XP level 2. HP: 22/24 MP: 4/4
   592 | D:1      | 592 ||| UPGRADING to +4 ring of slaying {mikee}.
   593 | D:1      | 593 ||| READING 2 scrolls labelled FAMERI JUDIEJI.
   593 | D:1      | 593 ||| IDENTIFYING yellow potion
   594 | D:1      | 594 ||| READING scroll of identify.
   594 | D:1      | 594 ||| IDENTIFYING grey potion
   595 | D:1      | 595 ||| READING scroll labelled FUZIYVV FICU.
   595 | D:1      | 595 ||| ENCHANTING +0 shortbow.
   596 | D:1      | 596 ||| DROPPING scroll of butterflies.
   682 | D:2      | Reached XP level 3. HP: 25/29 MP: 5/5
   719 | D:2      | Noticed Natasha
   722 | D:2      | Killed Natasha
   725 | D:2      | Reached skill level 5 in Ranged Weapons
   779 | D:2      | Reached XP level 4. HP: 36/36 MP: 6/6
   941 | D:2      | Noticed Natasha
   950 | D:2      | Killed Natasha
  1009 | D:2      | Noticed Natasha
  1015 | D:2      | Killed Natasha
  1065 | D:2      | 1065 ||| READING scroll labelled NYNAOH XOKUE.
  1066 | D:2      | 1066 ||| READING scroll labelled LOACIFOSAA.
  1070 | D:2      | 1070 ||| READING scroll labelled ALIEVAQ LAFF.
  1071 | D:2      | 1071 ||| READING scroll labelled PONLYT MAGOTS.
  1210 | D:3      | Reached XP level 5. HP: 41/41 MP: 7/7
  1219 | D:3      | Reached skill level 6 in Ranged Weapons
  1455 | D:3      | 1455 ||| UPGRADING to +0 pair of boots.
  1460 | D:3      | 1460 ||| UPGRADING to +0 helmet.
  1465 | D:3      | 1465 ||| UPGRADING to +0 ring mail.
  1475 | D:3      | 1475 ||| DROPPING +0 leather armour.
  1476 | D:3      | 1476 ||| UPGRADING to ring of resist corrosion.
  1477 | D:3      | 1477 ||| READING scroll of identify.
  1477 | D:3      | 1477 ||| IDENTIFYING ruby potion
  1478 | D:3      | 1478 ||| READING scroll labelled LOKHLA MIARAMP.
  1478 | D:3      | 1478 ||| BRANDING +0 shortbow.
  1479 | D:3      | 1479 ||| DROPPING potion of attraction.
  1500 | D:4      | Noticed Duvessa
  1500 | D:4      | Noticed Dowan
  1501 | D:4      | 1501 ||| RETREEEEATING.
  1502 | D:4      | 1502 ||| RETREEEEATING.
  1503 | D:4      | 1503 ||| RETREEEEATING.
  1504 | D:4      | 1504 ||| RETREEEEATING.
  1505 | D:4      | 1505 ||| STAIRDANCE
  1520 | D:4      | 1520 ||| STAIRDANCE
  1531 | D:3      | Reached skill level 1 in Armour
  1604 | D:4      | 1604 ||| STAIRDANCE
  1657 | D:4      | 1657 ||| STAIRDANCE
  1736 | D:4      | 1736 ||| STAIRDANCE
  1742 | D:4      | 1742 ||| STAIRDANCE
  1823 | D:4      | 1823 ||| STAIRDANCE
  1848 | D:4      | 1848 ||| STAIRDANCE
  1862 | D:4      | 1862 ||| STAIRDANCE
  1867 | D:4      | 1867 ||| STAIRDANCE
  1884 | D:4      | 1884 ||| STAIRDANCE
  1944 | D:4      | Killed Duvessa
  1945 | D:4      | Reached skill level 3 in Fighting
  1945 | D:4      | Reached XP level 6. HP: 47/52 MP: 8/8
  1951 | D:4      | Killed Dowan
  2042 | D:4      | 2042 ||| STAIRDANCE
  2082 | D:4      | Reached skill level 3 in Dodging
  2099 | D:4      | Noticed Ijyb
  2107 | D:4      | Killed Ijyb
  2153 | D:4      | Reached XP level 7. HP: 58/58 MP: 9/9
  2195 | D:4      | Reached skill level 7 in Ranged Weapons
  2304 | D:4      | Found a runed translucent gate.
  2304 | D:4      | Found a runed translucent gate.
  2305 | D:4      | Found a runed translucent gate.
  2305 | D:4      | Noticed qw's ghost (amateur DjHu)
  2419 | D:4      | 2419 ||| READING scroll of enchant armour.
  2419 | D:4      | 2419 ||| ENCHANTING +0 helmet.
  2602 | D:4      | 2602 ||| READING scroll labelled JEITE SEMOXEA.
  2602 | D:4      | Identified a scroll of acquirement
  2602 | D:4      | 2602 ||| ACQUIRING +1 hand cannon of electrocution
  2602 | D:4      | Acquired a +1 hand cannon of electrocution
  2604 | D:4      | 2604 ||| SWAPPING to +1 hand cannon of electrocution.
  2605 | D:4      | 2605 ||| DROPPING +0 shortbow of flaming.
  2606 | D:4      | 2606 ||| READING scroll labelled OSEECH TUUBUX.
  2607 | D:4      | 2607 ||| READING scroll labelled JOGUXZ TORO.
  2608 | D:4      | 2608 ||| DRINKING 2 black potions.
  2609 | D:4      | 2609 ||| DRINKING 2 silvery potions.
  2610 | D:4      | 2610 ||| DROPPING potion of degeneration.
  2633 | D:5      | Entered Level 5 of the Dungeon
  2636 | D:5      | 2636 ||| STAIRDANCE
  2704 | D:5      | 2704 ||| STAIRDANCE
  2712 | D:5      | Reached skill level 8 in Ranged Weapons
  2729 | D:5      | Found a staircase to the Ecumenical Temple.
  2786 | D:5      | Noticed Grinder
  2797 | D:5      | Killed Grinder
  2798 | D:5      | Reached XP level 8. HP: 46/66 MP: 10/10
  2967 | D:5      | Noticed Edmund
  2977 | D:5      | Killed Edmund
  2978 | D:5      | Reached skill level 9 in Ranged Weapons
  3073 | D:5      | Noticed Blork the orc
  3075 | D:5      | Killed Blork the orc
  3242 | D:5      | 3242 ||| READING 3 scrolls labelled DUMIFEEDEUC.
  3344 | D:5      | 3344 ||| DROPPING 2 scrolls of torment.
  3362 | D:6      | Found Yhawoegh's Jewellery Shop.
  3365 | D:6      | 3365 ||| SHOPLISTING +6 ring of strength (432 gold, have
                  | 227).
  3365 | D:6      | 3365 ||| SHOPLISTING amulet "Ruruonac" {Faith rC++ rN+
                  | Regen+ Int-3} (748 gold, have 227).
  3365 | D:6      | 3365 ||| SHOPLISTING amulet of guardian spirit (360 gold,
                  | have 227).
  3365 | D:6      | 3365 ||| SHOPLISTING amulet of regeneration (360 gold, have
                  | 227).
  3365 | D:6      | 3365 ||| SHOPLISTING ring of ice (300 gold, have 227).
  3365 | D:6      | 3365 ||| SHOPLISTING ring of protection from fire (300
                  | gold, have 227).
  3365 | D:6      | 3365 ||| BUYING ring of see invisible (180 gold).
  3365 | D:6      | Bought a ring of see invisible for 180 gold pieces
  3449 | D:6      | Noticed Eustachio
  3452 | D:6      | 3452 ||| RETREEEEATING.
  3453 | D:6      | 3453 ||| RETREEEEATING.
  3454 | D:6      | 3454 ||| RETREEEEATING.
  3455 | D:6      | 3455 ||| RETREEEEATING.
  3456 | D:6      | 3456 ||| RETREEEEATING.
  3457 | D:6      | 3457 ||| RETREEEEATING.
  3458 | D:6      | 3458 ||| RETREEEEATING.
  3459 | D:6      | 3459 ||| RETREEEEATING.
  3467 | D:6      | Killed Eustachio
  3621 | D:6      | Noticed Jeremiah
  3624 | D:6      | Killed Jeremiah
  3625 | D:6      | Reached XP level 9. HP: 62/74 MP: 11/11
  3715 | D:6      | Noticed Menkaure
  3716 | D:6      | 3716 ||| RETREEEEATING.
  3718 | D:6      | Killed Menkaure
  3720 | D:6      | 3720 ||| RETREEEEATING.
  3722 | D:6      | 3722 ||| RETREEEEATING.
  3723 | D:6      | 3723 ||| RETREEEEATING.
  3724 | D:6      | 3724 ||| RETREEEEATING.
  3725 | D:6      | 3725 ||| RETREEEEATING.
  3726 | D:6      | 3726 ||| RETREEEEATING.
  3727 | D:6      | 3727 ||| RETREEEEATING.
  3727 | D:6      | Noticed Pikel
  3728 | D:6      | 3728 ||| RETREEEEATING.
  3729 | D:6      | 3729 ||| RETREEEEATING.
  3730 | D:6      | 3730 ||| RETREEEEATING.
  3731 | D:6      | 3731 ||| RETREEEEATING.
  3732 | D:6      | 3732 ||| RETREEEEATING.
  3733 | D:6      | 3733 ||| RETREEEEATING.
  3734 | D:6      | 3734 ||| RETREEEEATING.
  3735 | D:6      | 3735 ||| RETREEEEATING.
  3736 | D:6      | 3736 ||| RETREEEEATING.
  3738 | D:6      | 3738 ||| RETREEEEATING.
  3739 | D:6      | 3739 ||| RETREEEEATING.
  3741 | D:6      | 3741 ||| ZAPPING wand of quicksilver (8) at 4,-1 (Pikel;
                  | floor).
  3742 | D:6      | 3742 ||| ZAPPING wand of quicksilver (7) at 3,0 (Pikel;
                  | floor).
  3743 | D:6      | 3743 ||| ZAPPING wand of quicksilver (6) at 3,0 (Pikel;
                  | floor).
  3744 | D:6      | 3744 ||| ZAPPING wand of quicksilver (5) at 2,-1 (Pikel;
                  | floor).
  3745 | D:6      | 3745 ||| ZAPPING wand of quicksilver (4) at 2,0 (Pikel;
                  | floor).
  3745 | D:6      | Killed Pikel
  3746 | D:6      | Reached skill level 10 in Ranged Weapons
  3957 | D:6      | 3957 ||| UPGRADING to ring of see invisible.
  3959 | D:6      | 3959 ||| READING scroll of identify.
  3959 | D:6      | 3959 ||| IDENTIFYING fuming grey potion
  3960 | D:6      | 3960 ||| READING scroll labelled JAFEMO LESEH.
  3961 | D:6      | 3961 ||| DROPPING potion of magic.
  3963 | D:6      | 3963 ||| Stepping ~*~*~tactically~*~*~ (cloud).
  4078 | D:7      | 4078 ||| RETREEEEATING.
  4081 | D:7      | 4081 ||| RETREEEEATING.
  4083 | D:7      | 4083 ||| RETREEEEATING.
  4084 | D:7      | 4084 ||| RETREEEEATING.
  4096 | D:7      | Reached skill level 6 in Fighting
  4167 | D:7      | Identified the maw talisman of the Hot Ocelot {rC+}
  4355 | D:7      | 4355 ||| READING scroll of brand weapon.
  4355 | D:7      | 4355 ||| BRANDING +1 hand cannon of electrocution.
  4651 | D:7      | 4651 ||| READING scroll of identify.
  4651 | D:7      | 4651 ||| IDENTIFYING glowing black potion
  4652 | D:7      | 4652 ||| READING scroll labelled WAKKOCRINALE.
  4932 | D:8      | Reached skill level 11 in Ranged Weapons
  4937 | D:8      | 4937 ||| RETREEEEATING.
  4938 | D:8      | 4938 ||| RETREEEEATING.
  4939 | D:8      | 4939 ||| RETREEEEATING.
  4940 | D:8      | 4940 ||| RETREEEEATING.
  5072 | D:8      | Found Yhirutoi's Antique Armour Shoppe.
  5077 | D:8      | 5077 ||| BUYING encrusted leather armour (112 gold).
  5077 | D:8      | Bought an encrusted leather armour for 112 gold pieces
  5077 | D:8      | Identified the +2 leather armour of Lust {SInv} (You bought
                  | it in a shop on level 8 of the Dungeon)
  5085 | D:8      | 5085 ||| RETREEEEATING.
  5086 | D:8      | 5086 ||| RETREEEEATING.
  5087 | D:8      | 5087 ||| RETREEEEATING.
  5088 | D:8      | 5088 ||| RETREEEEATING.
  5089 | D:8      | 5089 ||| RETREEEEATING.
  5090 | D:8      | 5090 ||| RETREEEEATING.
  5092 | D:8      | 5092 ||| RETREEEEATING.
  5093 | D:8      | 5093 ||| RETREEEEATING.
  5100 | D:8      | 5100 ||| FLEEEEING.
  5101 | D:8      | 5101 ||| FLEEEEING.
  5102 | D:8      | 5102 ||| FLEEEEING.
  5103 | D:8      | 5103 ||| FLEEEEING.
  5104 | D:8      | 5104 ||| FLEEEEING.
  5110 | D:8      | Reached skill level 6 in Dodging
  5355 | D:8      | Noticed a rust devil
  5472 | D:8      | Reached skill level 3 in Armour
  5555 | D:8      | Noticed a rust devil
  5556 | D:8      | Identified the +5 halberd of Dudikoh {venom, ^Fragile rElec
                  | rPois Dex+4}
  5652 | D:8      | 5652 ||| UPGRADING to +2 leather armour of Lust {SInv}.
  5662 | D:8      | 5662 ||| REMOVING ring of see invisible.
  5663 | D:8      | 5663 ||| DROPPING +0 ring mail.
  5664 | D:8      | 5664 ||| UPGRADING to ring of resist corrosion.
  5682 | D:9      | Found a runed translucent door.
  5682 | D:9      | Noticed qw's ghost (novice GrHu)
  5693 | D:9      | 5693 ||| RETREEEEATING.
  5694 | D:9      | 5694 ||| RETREEEEATING.
  5695 | D:9      | 5695 ||| RETREEEEATING.
  5696 | D:9      | 5696 ||| RETREEEEATING.
  5697 | D:9      | 5697 ||| RETREEEEATING.
  5698 | D:9      | 5698 ||| RETREEEEATING.
  5699 | D:9      | 5699 ||| RETREEEEATING.
  5700 | D:9      | 5700 ||| RETREEEEATING.
  5701 | D:9      | 5701 ||| RETREEEEATING.
  5702 | D:9      | 5702 ||| RETREEEEATING.
  5703 | D:9      | 5703 ||| RETREEEEATING.
  5704 | D:9      | 5704 ||| RETREEEEATING.
  5705 | D:9      | 5705 ||| RETREEEEATING.
  5712 | D:9      | Reached XP level 10. HP: 62/77 MP: 13/13
  5852 | D:9      | Found a staircase to the Lair.
  5921 | D:9      | Noticed a cyclops
  5924 | D:9      | 5924 ||| FLEEEEING.
  5925 | D:9      | 5925 ||| FLEEEEING.
  5931 | D:9      | 5931 ||| STAIRDANCE
  5933 | D:8      | 5933 ||| RETREEEEATING.
  5934 | D:8      | 5934 ||| RETREEEEATING.
  5935 | D:8      | 5935 ||| RETREEEEATING.
  5936 | D:8      | 5936 ||| RETREEEEATING.
  5937 | D:8      | 5937 ||| RETREEEEATING.
  5938 | D:8      | 5938 ||| ZAPPING wand of quicksilver (3) at -1,1 (rust
                  | devil; floor).
  5938 | D:8      | HP: 3/83 [orc warrior/the +5 halberd of Dudikoh {venom,
                  | ^Fragile rElec rPois Dex+4} (19)]
  5938 | D:8      | Slain by a rust devil

Levels and vault maps discovered:
D:1:      dpeg_arrival_stone_temple_mockup, layout_basic, minmay_hexomino_p4
D:2:      layout_rooms, uniq_natasha
D:3:      layout_rooms, mainiacjoe_overflow_cross_hatched,
          minmay_stone_trees_small
D:4:      layout_cave_pools, mainiacjoe_overflow_catwalk,
          mainiacjoe_overflow_small_starburst, serial_undead, serial_undead_d,
          serial_undead_b, serial_undead_d, serial_undead_f, serial_undead_e,
          gammafunk_ghost_nasty_kobolds, uniq_duvessa, uniq_ijyb
D:5:      layout_cave_pools, vehumet_crystals, minmay_temple_entry_butterflies,
          uniq_grinder, uniq_edmund, uniq_blork_the_orc
D:6:      layout_cave_pools, nicolae_ru_path_of_blood, hangedman_decor_lopped,
          nicolae_lava_and_water, nicolae_stop_n_shop_1, uniq_eustachio,
          uniq_pikel, uniq_menkaure, uniq_jeremiah
D:7:      layout_cave_pools, amcnicky_altar_gilded, chei_slow_surprise,
          nicolae_twisty_statue_hallways
D:8:      cheibrodos_iron_armory, layout_gridville, serial_shops, shop
D:9:      layout_gridville, lair_entry_dummy, hellmonk_ghost_happy_afterlife,
          kennysheep_just_a_vault

Skill      XL: |  1  2  3  4  5  6  7  8  9 10 |
---------------+-------------------------------+-----
Ranged Weapons | 4 5 6 8 9 11 | 11.2
Fighting       | 2 3 4 5 6 |  6.0
Dodging        | 2 3 4 6 7 |  7.0
Armour         | 1 2 3 |  3.0
Stealth        | |  0.8

Action                     |  1- 3 |  4- 6 |  7- 9 | 10-12 || total
---------------------------+-------+-------+-------+-------++-------
   Fire: Shortbow          |    90 |   138 |    52 |       ||   280
         Hand cannon       |       |       |   178 |    30 ||   208
  Evoke: Wand              |       |       |     5 |     1 ||     6
    Use: Scroll            |     3 |     6 |    10 |       ||    19
         Potion            |       |       |     2 |       ||     2
 Armour: Leather armour    |    19 |     5 |     3 |    12 ||    39
         Ring mail         |       |    59 |    82 |       ||   141
  Dodge: Dodged            |    22 |    32 |   104 |    18 ||   176

Table legend:
 A = Non-vault XP
 B = Vault XP
 C = Vault XP percentage of total XP
 D = Non-vault monster count
 E = Vault monster count
 F = Vault count percentage of total count
                 A         B        C        D         E       F
            +---------+---------+-------+---------+---------+-------
      Total |    5088 |    2497 |  32.9 |     172 |      30 |  14.9
            +---------+---------+-------+---------+---------+-------
        D:1 |      34 |       4 |  10.5 |      19 |       2 |   9.5
        D:2 |     151 |      33 |  17.9 |      22 |       1 |   4.3
        D:3 |     165 |       0 |   0.0 |      23 |       0 |   0.0
        D:4 |     356 |     570 |  61.6 |      15 |      20 |  57.1
        D:5 |     422 |     519 |  55.2 |      12 |       3 |  20.0
        D:6 |     898 |    1371 |  60.4 |      25 |       4 |  13.8
        D:7 |     414 |       0 |   0.0 |       9 |       0 |   0.0
        D:8 |    1529 |       0 |   0.0 |      30 |       0 |   0.0
        D:9 |    1119 |       0 |   0.0 |      17 |       0 |   0.0
            +---------+---------+-------+---------+---------+-------
